 Dungeon Crawl Stone Soup version 0.18-a0-993-g4a3b7c7 (webtiles) character file.

235 Gruud the Ruffian (level 5, 0/39 HPs)
             Began as a Demonspawn Gladiator on Jan 4, 2016.
             Slain by a quasit (1 damage)
             ... summoned by Eustachio
             ... on level 4 of the Dungeon.
             The game lasted 00:09:33 (3226 turns).

Gruud the Ruffian (Demonspawn Gladiator)            Turns: 3226, Time: 00:09:33

Health: 0/39       AC: 11    Str: 17      XL:     5   Next: 76%
Magic:  5/5        EV:  7    Int:  9      God:
Gold:   325        SH:  0    Dex: 11 (13) Spells: 0 memorised, 4 levels left

rFire  . . .     SeeInvis .     a - +1 war axe
rCold  . . .     Gourm    .     u - +0 chain mail
rNeg   . . .     Faith    .     (no shield)
rPois  .         Spirit   .     c - +1 helmet
rElec  .         Dismiss  .     (no cloak)
rCorr  .         Reflect  .     (no gloves)
SustAt .         Harm     .     (no boots)
MR     .....                    (no amulet)
Stlth  ..........               (no ring)
                                (no ring)

@: not resistant to hostile enchantments, extremely unstealthy
A: claws 1, rugged brown scales 1
a: no special abilities


You were on level 4 of the Dungeon.
You were not hungry.

You visited 2 branches of the dungeon, and saw 5 of its levels.

You collected 325 gold pieces.

Inventory:

Hand Weapons
 a - a +1 war axe (weapon)
 b - a +0 blowgun
Missiles
 d - 3 throwing nets
 g - 3 tomahawks (quivered)
 k - 34 poisoned needles
Armour
 c - a +1 helmet (worn)
 u - a +0 chain mail (worn)
Scrolls
 i - a scroll of remove curse
 j - a scroll of recharging
 l - 2 scrolls of enchant weapon
 o - a scroll of enchant armour
 q - a scroll of immolation {unknown}
 y - a scroll of blinking {unknown}
Potions
 e - a potion of lignification {unknown}
 h - a potion of magic
 r - 2 potions of cancellation
 s - a potion of resistance {unknown}
 w - a potion of agility {unknown}
Comestibles
 f - 3 bread rations
 m - a royal jelly
 n - 3 meat rations
 p - a chunk of flesh
 x - a beef jerky


   Skills:
 - Level 2.0 Fighting
 - Level 3.2 Axes
 - Level 1.7 Throwing
 - Level 2.6 Dodging
 * Level 4.8 Unarmed Combat


You had 4 spell levels left.
You didn't know any spells.

Dungeon Overview and Level Annotations

Branches:
Dungeon (4/15)             Temple (1/1) D:4

Altars:
Ashenzari
Cheibriados
Dithmenos
Elyvilon
Fedhas
Kikubaaqudgha
Nemelex Xobeh
Pakellas
Qazlal
Sif Muna
Trog
Vehumet
Yredelemnul
Zin
The Shining One

Annotations:
D:4 Eustachio


Innate Abilities, Weirdness & Mutations

You have sharp fingernails.
You are partially covered in rugged brown scales (AC +1, +3% HP).


Message History

The bat's corpse disappears in a puff of smoke!
Your chain mail prevents you from hitting the quasit.
The quasit is lightly wounded.
You closely miss the river rat.
The river rat is severely wounded.
The quasit closely misses you.
The quasit claws you but does no damage.
The quasit claws you.
* * * LOW HITPOINT WARNING * * *
The river rat bites you.
* * * LOW HITPOINT WARNING * * *
The quasit bites you but does no damage.
The quasit claws you but does no damage. x2
You barely miss the quasit.
The quasit is lightly wounded.
You closely miss the river rat.
The river rat is severely wounded.
The quasit bites you but does no damage.
The quasit claws you.
You die...

>.#....# #..#).#..####
.#.#.### #..#'##..)..#
#.#......# #....)...#
.#...##### ##.P.....##
.........#####.####...#
....####.#...#.#..'.⌠.#
.........#.#...#..#...# ..
...........#...#####..#+##...
###....#####.#.#@r§#r........
#..........#.#5†(#.........
#....####..#.#§§.(..####...
#....# #....#+###@.# . #....#
#....# ...'.. #....# #....#
#...#### #....# .#.# #....
#....# ...... ..##.# ##......


You could see Eustachio, a quasit and a river rat.

Vanquished Creatures
  Blork the orc (D:4)
  An orc wizard (D:3)
  An iguana (D:4)
  2 adders
  5 giant geckos
  7 orcs (D:3)
  7 bats
  4 giant cockroaches
  11 goblins
  8 hobgoblins
  7 jackals (D:2)
  2 quokkas (D:2)
  A ball python (D:2)
  12 giant newts
  12 kobolds
  A quokka skeleton (D:4)
  7 rats
  A fungus (D:1)
  A plant (D:1)
91 creatures vanquished.

Notes
Turn   | Place    | Note
--------------------------------------------------------------
     0 | D:1      | Gruud the Demonspawn Gladiator began the quest for the Orb.
     0 | D:1      | Reached XP level 1. HP: 16/16 MP: 1/1
    57 | D:1      | Reached skill level 3 in Axes
   323 | D:1      | Gained mutation: You have sharp fingernails. [demonic ancestry]
   323 | D:1      | Reached XP level 2. HP: 16/22 MP: 2/2
   563 | D:1      | Reached skill level 1 in Unarmed Combat
   826 | D:2      | Gained mutation: You are partially covered in rugged brown scales (AC +1, +3% HP). [demonic ancestry]
   826 | D:2      | Reached XP level 3. HP: 20/27 MP: 3/3
  1151 | D:2      | Found a radiant altar of Vehumet.
  1518 | D:3      | Reached XP level 4. HP: 33/33 MP: 4/4
  1700 | D:3      | Found a snail-covered altar of Cheibriados.
  1700 | D:3      | Found a glowing golden altar of the Shining One.
  2640 | D:4      | Found a shattered altar of Ashenzari.
  2676 | D:4      | Reached XP level 5. HP: 39/39 MP: 5/5
  2708 | D:4      | Reached skill level 4 in Unarmed Combat
  2877 | D:4      | Found a staircase to the Ecumenical Temple.
  2901 | Temple   | Entered the Ecumenical Temple
  3152 | D:4      | Noticed Blork the orc
  3168 | D:4      | Killed Blork the orc
  3181 | D:4      | Noticed Eustachio
  3225 | D:4      | HP: 1/39 [river rat[Eustachio] (1)]
  3226 | D:4      | Slain by a quasit

Vault maps used:
D:1:      scummos_arrival_star, corexii_item_surrounded_by_moat,
          serial_bayou_lagoon_a, minmay_gold_behind_fungi
D:2:      lemuel_round_altar, first_bread, kennysheep_generic_room_4
D:3:      amethyst_overflow_temple_binary
D:4:      corexii_shack_village, minmay_temple_entry_grid, ashenzari_altar_1,
          uniq_edmund, uniq_grinder, uniq_blork_the_orc, uniq_eustachio
Temple:   eino_temple_water_12

Action                   |  1- 3 |  4- 6 || total
-------------------------+-------+-------++-------
Melee: War axe           |   172 |   150 ||   322
 Fire: Blowgun           |       |     4 ||     4
  Use: Scroll            |     7 |     2 ||     9
       Potion            |       |     2 ||     2
  Eat: Chunk             |     2 |     6 ||     8
